 Dungeon Crawl Stone Soup version 0.29.1-14-g9c671dbff4 (webtiles) character file.

Game seed: 6500447586384619395

243 xian the Charlatan (level 5, -7/38 HPs)
             Began as a Demonspawn Artificer on Feb 16, 2023.
             Was an Initiate of Qazlal.
             Mangled by an ogre
             ... wielding a +0 giant spiked club
              (14 damage)
             ... on level 4 of the Dungeon.
             The game lasted 00:09:21 (4437 turns).

xian the Charlatan (Demonspawn Artificer)           Turns: 4437, Time: 00:09:23

Health: -7/38      AC:  9    Str: 14    XL:     5   Next: 82%
Magic:  5/5        EV: 10    Int: 12    God:    Qazlal [......]
Gold:   108        SH:  0    Dex: 14    Spells: 4/4 levels left

rFire   . . .      SeeInvis .   g - +0 spear
rCold   . . .      Faith    .   (no shield)
rNeg    . . .      Spirit   .   p - +0 chain mail
rPois   .          Reflect  .   (helmet restricted)
rElec   .          Harm     .   (no cloak)
rCorr   .          Rampage  .   (no gloves)
Will    .....                   (no boots)
Stlth   ..........              (no amulet)
HPRegen 0.12/turn               m - +4 ring of evasion
MPRegen 0.09/turn               (no ring)

@: no status effects
A: antennae 1, ignite blood 1
a: Renounce Religion


You were on level 4 of the Dungeon.
You worshipped Qazlal.
Qazlal was noncommittal.
You visited 2 branches of the dungeon, and saw 5 of its levels.

You collected 108 gold pieces.

Inventory:

Hand Weapons
 g - a +0 spear (weapon)
Missiles
 l - 3 poisoned darts (quivered)
 o - 23 stones
Armour
 p - a +0 chain mail (worn)
Jewellery
 m - a +4 ring of evasion (left hand)
Wands
 c - a wand of flame (7)
 d - a wand of charming (15)
 e - a wand of iceblast (5)
Scrolls
 a - a scroll of identify {unknown}
 h - 2 scrolls of enchant weapon {unknown}
 j - 2 scrolls of teleportation
 n - 2 scrolls of butterflies {unknown}
 q - a scroll of amnesia {unknown}
Potions
 b - a potion of degeneration {unknown}
 f - 3 potions of invisibility
 i - a potion of mutation {unknown}
 k - a potion of lignification {unknown}


   Skills:
 + Level 1.9 Fighting
 + Level 2.7 Polearms
 + Level 0.1 Throwing
 + Level 3.2 Armour
 + Level 1.7 Dodging
 + Level 1.2 Stealth
 + Level 3.9 Evocations


You had 4 spell levels left.
You didn't know any spells.
Your spell library contained the following spells:

 Spells                   Type           Power      Damage    Failure   Level
 Magic Dart               Conj           0%         1d3       100%        1
 Call Imp                 Summ           0%         N/A       100%        2
 Mephitic Cloud           Conj/Pois/Air  0%         N/A       100%        3


Dungeon Overview and Level Annotations

Branches:
Dungeon (4/15)             Temple (1/1) D:4

Altars:
Cheibriados
Dithmenos
Fedhas
Gozag
Kikubaaqudgha
Nemelex Xobeh
Qazlal
Ru
Trog
Uskayaw
Vehumet
Wu Jian
Xom


Innate Abilities, Weirdness & Mutations

You have a pair of small antennae on your head.
Your demonic aura sometimes causes spilled blood to erupt in flames.


Message History

You hit the kobold but do no damage. The kobold hits you but does no damage.
You closely miss the kobold. The kobold barely misses you.
You hit the kobold.
You kill the kobold!
Qazlal accepts your kill.
o - 23 stones (gained 5)
You see here a +0 dagger.
You now have 108 gold pieces (gained 9).
There is an open door here.
A gnoll comes into view. It is wielding a +0 spear.
The gnoll moves out of view.
An ogre comes into view. It is wielding a +0 giant spiked club.
The ogre shouts!
A gnoll comes into view. It is wielding a +0 flail.
You throw a poisoned dart.
The poisoned dart completely misses the ogre.
The gnoll shouts!
You hear a shout!
A gnoll comes into view. It is wielding a +0 halberd.
You throw a poisoned dart.
The poisoned dart barely misses the ogre.
A gnoll comes into view. It is wielding a +0 whip.
You throw a poisoned dart. The poisoned dart hits the ogre.
The ogre is poisoned.
The ogre attacks as you move away! The ogre hits you but does no damage.
You throw a poisoned dart. The poisoned dart hits the ogre.
The ogre looks even sicker.
The ogre is lightly wounded.
The ogre hits you with a +0 giant spiked club!!
Ouch! That really hurt!
You hit the ogre.
The ogre is moderately wounded.
The gnoll hits you from afar with a +0 spear.
Unknown command.
You barely miss the ogre.
The ogre is moderately wounded.
The gnoll hits you from afar with a +0 spear!
* * * LOW HITPOINT WARNING * * *
The ogre is engulfed in blazing flames.
The ogre hits you with a +0 giant spiked club!
You die...

.g... ...# #.#
...(## #.#
###...... #.#
#.g(..... ### #.#.#
#g# [.# #.#.# #g#
#.# #.#.###O# #.#
#.#.#.○@# #.#
#.#...### #.#
#...### #†# #...#
#.# #...##### #)#
####'#....... #.#
#............ ..#
#..........≈≈
###+###..........≈.


You could see an ogre (very poisoned) and 3 gnolls.

Vanquished Creatures
  A necrophage (D:4)
  An orc priest (D:3)
  An iguana (D:4)
  A gnoll (D:1)
  4 adders
  An ufetubus (D:4)
  2 dart slugs
  5 orcs
  6 ball pythons
  3 bats
  2 endoplasms (D:3)
  3 giant cockroaches
  6 hobgoblins
  4 jackals (D:1)
  6 kobolds
  9 frilled lizards
  11 goblins
  3 rats
69 creatures vanquished.

Vanquished Creatures (others)
  A plant (D:1)
1 creature vanquished.

Grand Total: 70 creatures vanquished

Notes
Turn   | Place    | Note
-------+----------+-------------------------------------------
     0 | D:1      | xian the Demonspawn Artificer began the quest for the Orb.
     0 | D:1      | Reached XP level 1. HP: 15/15 MP: 1/1
    54 | D:1      | Gained mutation: You have a pair of small antennae on your
                  | head. [demonic ancestry]
    54 | D:1      | Reached XP level 2. HP: 15/21 MP: 2/2
   720 | D:1      | Reached XP level 3. HP: 16/26 MP: 3/3
   734 | D:1      | Reached skill level 1 in Dodging
  1013 | D:1      | Reached skill level 1 in Stealth
  1503 | D:2      | Found a faded altar of an unknown god.
  1827 | D:2      | Reached skill level 1 in Polearms
  2456 | D:3      | Gained mutation: Your demonic aura sometimes causes spilled
                  | blood to erupt in flames. [demonic ancestry]
  2456 | D:3      | Reached XP level 4. HP: 32/32 MP: 4/4
  3178 | D:3      | Found a sparkling altar of Nemelex Xobeh.
  3561 | D:4      | Reached XP level 5. HP: 37/37 MP: 5/5
  3696 | D:4      | Found a staircase to the Ecumenical Temple.
  3706 | Temple   | Entered the Ecumenical Temple
  3823 | Temple   | Became a worshipper of Qazlal Stormbringer
  4428 | D:4      | Noticed an ogre
  4437 | D:4      | Mangled by an ogre

Illustrated notes

Levels and vault maps discovered:
D:1:      noname_arrival_rooms_in_the_neighbourhood, layout_basic,
          minmay_shallow_snake_nest
D:2:      layout_loops_cross, dreamdust_ecumenical_altar_statues
D:3:      layout_rooms, nemelex_altar_shiori, minmay_tree_intersection
D:4:      layout_basic, mainiacjoe_overflow_concentric_impassable,
          minmay_temple_entry_poolview, uniq_duvessa
Temple:   nicolae_temple_ecumenical_triangle

Skill      XL: |  1  2  3  4  5 |
---------------+----------------+-----
Armour         | 2 3 |  3.2
Dodging        | 1 |  1.7
Stealth        | 1 |  1.2
Polearms       | 1 2 |  2.7
Fighting       | |  1.9
Throwing       | |  0.1
Evocations     | |  3.9

Action                   |  1- 3 |  4- 6 || total
-------------------------+-------+-------++-------
Melee: Club              |     1 |       ||     1
       Spear             |   163 |   190 ||   353
       Punch             |     1 |       ||     1
Throw: Stone             |       |    13 ||    13
       Dart              |       |     4 ||     4
Evoke: Wand              |     4 |     4 ||     8
  Use: Scroll            |     1 |       ||     1
 Stab: Sleeping          |     1 |       ||     1
Armor: Leather armour    |     1 |       ||     1
       Ring mail         |    89 |    20 ||   109
       Chain mail        |       |    73 ||    73
Dodge: Dodged            |   133 |   114 ||   247
